Gangsters vs Punishers
Created - 7 avril 2016 at 19:16
Goals
|
| Gangsters |
2 |
2 |
3 |
7 |
| Punishers |
3 |
2 |
1 |
6 |
|
Shots
|
| Gangsters |
16 |
10 |
14 |
40 |
| Punishers |
15 |
12 |
7 |
34 |
|
1st period
1. Gangsters , Mikko Lehtonen 25 (Colten Teubert, Maxime Sauvé) at 8:26
2. Punishers , Tanner Glass 34 (Casey Cizikas) at 11:14
3. Punishers , Tanner Glass 35 (Keaton Ellerby) at 11:44
4. Punishers , Kris Chucko 31 (Mike Weber, Erik Condra) at 13:51
5. Gangsters , Dave Dziurzynski 12 (Ryan Jones, Artem Anisimov) at 16:56
Penalties :
Keaton Ellerby (Pro) for Roughing (Minor) at 8:29
2nd period
6. Gangsters , Mikko Lehtonen 26 (Morgan Ellis, Maxime Sauvé) at 0:58
7. Punishers , Erik Condra 24 (Kris Chucko) at 4:55
8. Punishers , Luke Adam 16 (Keaton Ellerby, Adam Pineault) at 12:49
9. Gangsters , Maxime Sauvé 14 (Mikko Lehtonen, Ben Holmstrom) at 19:09
Penalties :
Tanner Glass (Pro) for Holding (Minor) at 1:09, Matt Delahey (Bro) for Interference (Minor) at 6:36
3rd period
10. Gangsters , Nathan Gerbe 23 (Shaun Heska, Alexandre Bolduc) at 5:00 (PP)
11. Gangsters , Nathan Gerbe 24 (Morgan Ellis, Shaun Heska) at 11:47
12. Punishers , Kris Chucko 32 (Petteri Nokelainen) at 15:00
13. Gangsters , Richard Panik 17 (Morgan Ellis, Alexandre Bolduc) at 19:39
Penalties :
Morgan Ellis (Bro) for Slashing (Minor) at 1:16, Petteri Nokelainen (Pro) for Hooking (Minor) at 4:43, Simon Despres (Pro) for Holding (Minor) at 15:58
Goalie Stats
Brad Thiessen (Bro), 9 saves from 10 shots - (0,900), W, 12-5-1, 27:11 minutes
Dustin Tokarski (Bro), 19 saves from 24 shots - (0,792), 32:49 minutes
Kevin Poulin (Pro), 33 saves from 40 shots - (0,825), L, 24-24-6, 59:45 minutes
Players Stats for Gangsters
Player Name G A P +/- PIM S H SB GA TA FO MP PP MP PK MP
------------------------------------------------------------------------------------
Alexandre Bolduc 0 2 2 0 0 2 3 2 2 0 20/46 23:36 3:45 2:38
Artem Anisimov 0 1 1 0 0 4 3 0 1 1 5/13 16:04 2:29 0:00
Ben Holmstrom 0 1 1 -2 0 2 0 0 2 0 0/2 7:29 0:00 0:00
Colten Teubert 0 1 1 0 0 2 0 1 0 0 0/0 26:32 4:11 2:22
Curtis McKenzie 0 0 0 -2 0 0 0 0 0 0 0/0 8:05 0:00 0:15
Dave Dziurzynski 1 0 1 0 0 1 3 0 1 0 0/0 16:04 2:29 0:00
Devante Smith-Pelly 0 0 0 1 0 0 0 0 0 0 0/0 0:20 0:00 0:00
Gabriel Dumont 0 0 0 1 0 0 0 0 0 0 0/0 0:57 0:00 0:30
Gustav Nyquist 0 0 0 0 0 7 1 0 1 0 1/2 21:42 3:45 0:56
Luke Gazdic 0 0 0 1 0 0 0 0 0 1 0/0 10:50 0:00 0:00
Matt Delahey 0 0 0 -1 2 0 1 2 0 1 0/0 20:23 2:03 0:40
Maxime Sauvé 1 2 3 1 0 3 1 0 1 2 1/3 10:50 0:00 0:00
Michael Sdao 0 0 0 -1 0 0 1 2 0 0 0/0 21:20 2:03 1:36
Mikko Lehtonen 2 1 3 1 0 2 0 1 0 0 0/0 10:50 0:00 0:00
Morgan Ellis 0 3 3 1 2 1 0 0 0 0 0/0 13:36 0:00 0:56
Nathan Gerbe 2 0 2 0 0 8 1 2 2 1 1/3 23:45 3:45 2:41
Patrik Nemeth 0 0 0 1 0 0 2 1 0 1 0/0 12:08 0:00 0:00
Phil McRae 0 0 0 0 0 0 0 0 0 0 0/0 0:22 0:00 0:00
Richard Panik 1 0 1 -1 0 2 0 0 0 0 1/1 7:35 0:00 0:00
Ryan Jones 0 1 1 0 0 2 1 3 0 1 1/2 17:00 2:29 0:56
Shaun Heska 0 2 2 0 0 4 2 3 0 1 0/0 26:32 4:11 2:22
Players Stats for Punishers
Player Name G A P +/- PIM S H SB GA TA FO MP PP MP PK MP
------------------------------------------------------------------------------------
Adam McQuaid 0 0 0 -2 0 0 1 0 0 0 0/0 10:25 0:00 0:00
Adam Pineault 0 1 1 -1 0 2 3 0 2 0 0/0 12:02 0:00 0:00
Alex Petrovic 0 0 0 0 0 0 0 1 0 0 0/0 4:39 0:00 0:00
Brandon McMillan 0 0 0 -2 0 0 0 0 0 0 0/0 2:01 0:00 0:00
Casey Cizikas 0 1 1 1 0 3 1 0 0 0 2/4 6:19 0:00 1:12
Éric Perrin 0 0 0 -2 0 5 0 1 1 1 25/38 22:08 1:48 3:46
Erik Condra 1 1 2 2 0 4 1 1 0 0 3/3 18:18 2:10 0:00
Frazer Mclaren 0 0 0 0 0 3 1 0 0 1 0/1 11:45 0:00 0:00
Jean-François Jacques 0 0 0 -1 0 0 0 0 0 0 0/0 1:44 0:00 1:18
Justin Falk 0 0 0 1 0 0 3 3 0 3 0/0 25:35 2:12 4:00
Keaton Ellerby 0 2 2 1 2 0 1 0 0 1 0/0 24:12 2:12 2:58
Kris Chucko 2 1 3 2 0 4 2 0 1 1 0/0 19:31 2:10 1:10
Luke Adam 1 0 1 0 0 4 0 0 2 0 1/1 11:45 0:00 0:00
Matt Mackenzie 0 0 0 0 0 0 0 1 0 1 0/0 4:39 0:00 0:00
Michael Ferland 0 0 0 0 0 0 0 0 0 0 0/0 0:00 0:00 0:00
Mike Sauer 0 0 0 1 0 1 2 1 0 1 0/0 19:21 1:46 2:14
Mike Weber 0 1 1 1 0 1 1 1 1 0 0/0 19:21 1:46 2:14
Petteri Nokelainen 0 1 1 2 2 2 1 0 0 0 7/14 18:17 2:10 0:00
Philippe Paradis 0 0 0 0 0 0 0 0 0 0 0/1 0:13 0:00 0:13
Quinton Howden 0 0 0 0 0 0 0 0 0 0 0/1 1:17 0:00 1:17
Radek Smolenak 0 0 0 1 0 0 0 0 0 0 0/0 4:52 0:00 0:00
Simon Despres 0 0 0 -2 2 0 1 1 0 1 0/0 11:49 0:00 1:02
Tanner Glass 2 0 2 0 2 4 2 0 1 0 4/9 24:00 1:48 2:22
Tim Jackman 0 0 0 -2 0 1 3 0 1 0 0/0 19:29 1:48 1:10
3 Stars
1 - Kris Chucko (Pro)
2 - Mikko Lehtonen (Bro)
3 - Maxime Sauvé (Bro)
Power Play
Gangsters - 1 on 4 Attempt(s) - 25,00%
Punishers - 0 on 2 Attempt(s) - 0,00%
Penalty Kill
Gangsters - 2 on 2 Attempt(s) - 100,00%
- Score 0 goal in Penalty Kill
Punishers - 3 on 4 Attempt(s) - 75,00%
- Score 0 goal in Penalty Kill
Team Stat
Gangsters - Hits : 19 - Faceoff Wins : 30 - Blocked Shots : 17 - Penalty Minutes : 4
Punishers - Hits : 23 - Faceoff Wins : 42 - Blocked Shots : 10 - Penalty Minutes : 8
Official
Referees : LaRue Dennis and Martell Rob
Linesman : Jonny Murray and Lonnie Cameron
Game Notes
0:58 of 2nd period - Gangsters goal is going for a video replay. After video review, Goal.
Quinton Howden is injured at 2:53 of 2nd period (Sprained Right Knee)
Brad Thiessen enters game at 12:49 of 2nd period
Finance
Level 1 -- Attendance: 1466 (73,30%) -- Ticket Income 51 310 $
Level 2 -- Attendance: 780 (78,00%) -- Ticket Income 11 700 $
Total Attendance: 2246 (74,87%)
Total Ticket Income: 63 010 $
Other Income: 3 150 $
Total Income: 66 160 $
Gangsters
5 vs 5 Forward
Center Left Wing Right Wing Time % Phy DF OF
1 Alexandre Bolduc Nathan Gerbe Gustav Nyquist 40 1 2 2
2 Artem Anisimov Dave Dziurzynski Ryan Jones 30 1 2 2
3 Maxime Sauvé Luke Gazdic Mikko Lehtonen 20 1 2 2
4 Ben Holmstrom Curtis McKenzie Richard Panik 10 1 2 2
5 vs 5 Defense
Defense Defense Time % Phy DF OF
1 Colten Teubert Shaun Heska 40 1 2 2
2 Matt Delahey Michael Sdao 30 1 2 2
3 Patrik Nemeth Morgan Ellis 20 1 2 2
4 Colten Teubert Shaun Heska 10 1 2 2
PowerPlay Forward
Center Left Wing Right Wing Time % Phy DF OF
1 Alexandre Bolduc Nathan Gerbe Gustav Nyquist 60 1 2 2
2 Artem Anisimov Dave Dziurzynski Ryan Jones 40 1 2 2
PowerPlay Defense
Defense Defense Time % Phy DF OF
1 Colten Teubert Shaun Heska 60 1 2 2
2 Matt Delahey Michael Sdao 40 1 2 2
Penalty Kill 4 Players Forward
Center Wing Time % Phy DF OF
1 Nathan Gerbe Alexandre Bolduc 60 1 2 2
2 Gustav Nyquist Ryan Jones 40 1 2 2
Penalty Kill 4 Players Defense
Defense Defense Time % Phy DF OF
1 Colten Teubert Shaun Heska 60 1 2 2
2 Matt Delahey Michael Sdao 40 1 2 2
Penalty Kill - 3 Players Forward
Forward Time % Phy DF OF
1 Nathan Gerbe 60 1 2 2
2 Alexandre Bolduc 40 1 2 2
Penalty Kill - 3 Players Defense
Defense Defense Time % Phy DF OF
1 Colten Teubert Shaun Heska 60 1 2 2
2 Matt Delahey Michael Sdao 40 1 2 2
4 vs 4 Forward
Center Wing Time % Phy DF OF
1 Nathan Gerbe Alexandre Bolduc 60 1 2 2
2 Gustav Nyquist Ryan Jones 40 1 2 2
4 vs 4 Defense
Defense Defense Time % Phy DF OF
1 Colten Teubert Shaun Heska 60 1 2 2
2 Matt Delahey Michael Sdao 40 1 2 2
Last Minutes Offensive
Center Left Wing Right Wing Defense Defense
Alexandre Bolduc Nathan Gerbe Gustav Nyquist Colten Teubert Shaun Heska
Last Minutes Defensive
Center Left Wing Right Wing Defense Defense
Alexandre Bolduc Nathan Gerbe Gustav Nyquist Colten Teubert Shaun Heska
Goaltenders
Starting : Dustin Tokarski
Backup : Brad Thiessen
Extra Forwards
Normal : Phil McRae, Devante Smith-Pelly, Gabriel Dumont - PP : Phil McRae, Devante Smith-Pelly - PK : Gabriel Dumont
Extra Defensemen
Normal : Patrik Nemeth, Morgan Ellis, Matt Delahey - PP : Patrik Nemeth - PK : Morgan Ellis, Matt Delahey
Penalty Shots
Nathan Gerbe, Alexandre Bolduc, Gustav Nyquist, Ryan Jones, Artem Anisimov
Punishers
5 vs 5 Forward
Center Left Wing Right Wing Time % Phy DF OF
1 Éric Perrin Tanner Glass Tim Jackman 40 1 2 2
2 Petteri Nokelainen Kris Chucko Erik Condra 30 1 2 2
3 Luke Adam Frazer Mclaren Adam Pineault 20 1 2 2
4 Casey Cizikas Radek Smolenak Tanner Glass 10 1 2 2
5 vs 5 Defense
Defense Defense Time % Phy DF OF
1 Keaton Ellerby Justin Falk 40 1 2 2
2 Mike Weber Mike Sauer 30 1 2 2
3 Adam McQuaid Simon Despres 20 1 2 2
4 Alex Petrovic Matt Mackenzie 10 1 2 2
PowerPlay Forward
Center Left Wing Right Wing Time % Phy DF OF
1 Éric Perrin Tanner Glass Tim Jackman 60 1 2 2
2 Petteri Nokelainen Kris Chucko Erik Condra 40 1 2 2
PowerPlay Defense
Defense Defense Time % Phy DF OF
1 Keaton Ellerby Justin Falk 60 1 2 2
2 Mike Weber Mike Sauer 40 1 2 2
Penalty Kill 4 Players Forward
Center Wing Time % Phy DF OF
1 Tanner Glass Éric Perrin 60 1 2 2
2 Tim Jackman Kris Chucko 40 1 2 2
Penalty Kill 4 Players Defense
Defense Defense Time % Phy DF OF
1 Keaton Ellerby Justin Falk 60 1 2 2
2 Mike Weber Mike Sauer 40 1 2 2
Penalty Kill - 3 Players Forward
Forward Time % Phy DF OF
1 Tanner Glass 60 1 2 2
2 Éric Perrin 40 1 2 2
Penalty Kill - 3 Players Defense
Defense Defense Time % Phy DF OF
1 Keaton Ellerby Justin Falk 60 1 2 2
2 Mike Weber Mike Sauer 40 1 2 2
4 vs 4 Forward
Center Wing Time % Phy DF OF
1 Tanner Glass Éric Perrin 60 1 2 2
2 Tim Jackman Kris Chucko 40 1 2 2
4 vs 4 Defense
Defense Defense Time % Phy DF OF
1 Keaton Ellerby Justin Falk 60 1 2 2
2 Mike Weber Mike Sauer 40 1 2 2
Last Minutes Offensive
Center Left Wing Right Wing Defense Defense
Éric Perrin Tanner Glass Tim Jackman Keaton Ellerby Justin Falk
Last Minutes Defensive
Center Left Wing Right Wing Defense Defense
Éric Perrin Tanner Glass Tim Jackman Keaton Ellerby Justin Falk
Goaltenders
Starting : Kevin Poulin
Backup : Niklas Svedberg
Extra Forwards
Normal : Brandon McMillan, Jean-François Jacques, Quinton Howden - PP : Brandon McMillan, Jean-François Jacques - PK : Quinton Howden
Extra Defensemen
Normal : Adam McQuaid, Simon Despres, Alex Petrovic - PP : Adam McQuaid - PK : Simon Despres, Alex Petrovic
Penalty Shots
Tanner Glass, Éric Perrin, Tim Jackman, Kris Chucko, Erik Condra
% Time on Ice - Gangsters
Lines # - Real PCT - Wanted PCT - Time Play
Normal Forward
1 - 36% - 40% - 17:34
2 - 27% - 30% - 13:35
3 - 22% - 20% - 10:50
4 - 15% - 10% - 7:29
Normal Defense
1 - 36% - 40% - 18:02
2 - 36% - 30% - 17:41
3 - 25% - 20% - 12:08
4 - 3% - 10% - 1:37
PP Forward
1 - 60% - 60% - 3:45
2 - 40% - 40% - 2:29
PP Defense
1 - 67% - 60% - 4:11
2 - 33% - 40% - 2:03
PK Forward
1 - 76% - 60% - 3:02
2 - 24% - 40% - 0:56
PK Defense
1 - 60% - 60% - 2:22
2 - 40% - 40% - 1:36
PK3 Forward
1 - 0% - 60%
2 - 0% - 40%
PK3 Defense
1 - 0% - 60%
2 - 0% - 40%
44 Forward
1 - 0% - 60%
2 - 0% - 40%
44 Defense
1 - 0% - 60%
2 - 0% - 40%
Last Minute Offensive - 0:00
Last Minute Defensive - 0:20
Total
Forward - 60:00
Defense - 60:00
|
% Time on Ice - Punishers
Lines # - Real PCT - Wanted PCT - Time Play
Normal Forward
1 - 34% - 40% - 16:40
2 - 33% - 30% - 16:11
3 - 24% - 20% - 11:45
4 - 10% - 10% - 4:52
Normal Defense
1 - 39% - 40% - 19:03
2 - 31% - 30% - 15:21
3 - 21% - 20% - 10:25
4 - 9% - 10% - 4:39
PP Forward
1 - 45% - 60% - 1:48
2 - 55% - 40% - 2:10
PP Defense
1 - 55% - 60% - 2:12
2 - 45% - 40% - 1:46
PK Forward
1 - 81% - 60% - 5:04
2 - 19% - 40% - 1:10
PK Defense
1 - 64% - 60% - 4:00
2 - 36% - 40% - 2:14
PK3 Forward
1 - 0% - 60%
2 - 0% - 40%
PK3 Defense
1 - 0% - 60%
2 - 0% - 40%
44 Forward
1 - 0% - 60%
2 - 0% - 40%
44 Defense
1 - 0% - 60%
2 - 0% - 40%
Last Minute Offensive - 0:20
Last Minute Defensive - 0:00
Total
Forward - 60:00
Defense - 60:00
|
Play by Play
1st period
0:01 of 1st period - Alexandre Bolduc wins face-off versus Éric Perrin in neutral zone.
0:26 of 1st period - Shaun Heska is hit by Petteri Nokelainen and loses puck.
1:20 of 1st period - Wrist shot by Casey Cizikas.
1:20 of 1st period - Stopped by Dustin Tokarski with a rebound.
1:34 of 1st period - Erik Condra is hit by Gustav Nyquist and loses puck.
1:47 of 1st period - Slapshot by Alexandre Bolduc.
1:47 of 1st period - Shot Blocked by Mike Sauer.
2:26 of 1st period - Snap shot by Richard Panik.
2:26 of 1st period - Stopped by Kevin Poulin with a rebound.
2:52 of 1st period - Snap shot by Kris Chucko.
2:52 of 1st period - Stopped by Dustin Tokarski without a rebound.
2:53 of 1st period - Petteri Nokelainen wins face-off versus Alexandre Bolduc in Gangsters zone.
3:16 of 1st period - Éric Perrin is hit by Patrik Nemeth and loses puck.
3:29 of 1st period - Mike Sauer is hit by Artem Anisimov and loses puck.
5:23 of 1st period - Wrist shot by Adam Pineault.
5:23 of 1st period - Stopped by Dustin Tokarski with a rebound.
5:33 of 1st period - Snap shot by Ryan Jones.
5:33 of 1st period - Stopped by Kevin Poulin with a rebound.
6:13 of 1st period - Slapshot by Maxime Sauvé.
6:13 of 1st period - Stopped by Kevin Poulin with a rebound.
6:15 of 1st period - Slapshot by Shaun Heska.
6:15 of 1st period - Shot Misses the Net.
6:17 of 1st period - Slapshot by Colten Teubert.
6:17 of 1st period - Stopped by Kevin Poulin without a rebound.
6:18 of 1st period - Alexandre Bolduc wins face-off versus Petteri Nokelainen in Punishers zone.
6:19 of 1st period - Wrist shot by Nathan Gerbe.
6:19 of 1st period - Deflect By Alexandre Bolduc.
6:19 of 1st period - Shot Blocked by Matt Mackenzie.
6:19 of 1st period - Puck is out of play.
6:20 of 1st period - Alexandre Bolduc wins face-off versus Petteri Nokelainen in Punishers zone.
6:21 of 1st period - Wrist shot by Nathan Gerbe.
6:21 of 1st period - Shot Misses the Net.
6:23 of 1st period - Snap shot by Nathan Gerbe.
6:23 of 1st period - Stopped by Kevin Poulin without a rebound.
6:24 of 1st period - Petteri Nokelainen wins face-off versus Alexandre Bolduc in Punishers zone.
6:33 of 1st period - Snap shot by Nathan Gerbe.
6:33 of 1st period - Stopped by Kevin Poulin with a rebound.
6:39 of 1st period - Wrist shot by Nathan Gerbe.
6:39 of 1st period - Deflect By Gustav Nyquist.
6:39 of 1st period - Stopped by Kevin Poulin without a rebound.
6:40 of 1st period - Éric Perrin wins face-off versus Artem Anisimov in Punishers zone.
6:51 of 1st period - Snap shot by Artem Anisimov.
6:51 of 1st period - Shot Misses the Net.
7:11 of 1st period - Adam Pineault is hit by Dave Dziurzynski.
7:20 of 1st period - Mike Sauer is hit by Artem Anisimov and loses puck.
7:27 of 1st period - Snap shot by Ryan Jones.
7:27 of 1st period - Stopped by Kevin Poulin with a rebound.
7:29 of 1st period - Wrist shot by Ryan Jones.
7:29 of 1st period - Deflect By Dave Dziurzynski.
7:29 of 1st period - Shot Misses the Net.
7:29 of 1st period - Puck is out of play.
7:30 of 1st period - Éric Perrin wins face-off versus Alexandre Bolduc in Punishers zone.
7:45 of 1st period - Wrist shot by Tanner Glass.
7:45 of 1st period - Stopped by Dustin Tokarski without a rebound.
7:46 of 1st period - Petteri Nokelainen wins face-off versus Maxime Sauvé in Gangsters zone.
8:09 of 1st period - Erik Condra is hit by Maxime Sauvé and loses puck.
8:24 of 1st period - Snap shot by Maxime Sauvé.
8:24 of 1st period - Stopped by Kevin Poulin with a rebound.
8:26 of 1st period - Slapshot by Colten Teubert.
8:26 of 1st period - Deflect By Mikko Lehtonen.
8:26 of 1st period - Goal by Mikko Lehtonen - Gangsters : 1 - Punishers : 0.
8:27 of 1st period - Éric Perrin wins face-off versus Alexandre Bolduc in neutral zone.
8:29 of 1st period - Minor Penalty to Keaton Ellerby for Roughing.
8:30 of 1st period - Tanner Glass wins face-off versus Alexandre Bolduc in Punishers zone.
10:29 of 1st period - Penalty to Keaton Ellerby is over, Keaton Ellerby is back on ice.
10:37 of 1st period - Wrist shot by Luke Adam.
10:37 of 1st period - Stopped by Dustin Tokarski with a rebound.
11:10 of 1st period - Off-side.
11:11 of 1st period - Casey Cizikas wins face-off versus Ben Holmstrom in neutral zone.
11:14 of 1st period - Snap shot by Tanner Glass.
11:14 of 1st period - Goal by Tanner Glass - Gangsters : 1 - Punishers : 1.
11:15 of 1st period - Alexandre Bolduc wins face-off versus Éric Perrin in neutral zone.
11:30 of 1st period - Snap shot by Alexandre Bolduc.
11:30 of 1st period - Stopped by Kevin Poulin with a rebound.
11:44 of 1st period - Snap shot by Tanner Glass.
11:44 of 1st period - Goal by Tanner Glass - Gangsters : 1 - Punishers : 2.
11:45 of 1st period - Éric Perrin wins face-off versus Alexandre Bolduc in neutral zone.
11:50 of 1st period - Wrist shot by Éric Perrin.
11:50 of 1st period - Deflect By Nathan Gerbe.
11:50 of 1st period - Stopped by Dustin Tokarski without a rebound.
11:51 of 1st period - Éric Perrin wins face-off versus Alexandre Bolduc in Gangsters zone.
11:54 of 1st period - Snap shot by Tim Jackman.
11:54 of 1st period - Shot Misses the Net.
12:00 of 1st period - Wrist shot by Gustav Nyquist.
12:00 of 1st period - Shot Blocked by Mike Weber.
12:04 of 1st period - Backhand shot by Nathan Gerbe.
12:04 of 1st period - Stopped by Kevin Poulin with a rebound.
12:06 of 1st period - Wrist shot by Nathan Gerbe.
12:06 of 1st period - Shot Misses the Net.
12:41 of 1st period - Slapshot by Luke Adam.
12:41 of 1st period - Stopped by Dustin Tokarski with a rebound.
12:43 of 1st period - Snap shot by Adam Pineault.
12:43 of 1st period - Shot Misses the Net.
12:45 of 1st period - Snap shot by Mike Sauer.
12:45 of 1st period - Stopped by Dustin Tokarski with a rebound.
12:47 of 1st period - Snap shot by Frazer Mclaren.
12:47 of 1st period - Stopped by Dustin Tokarski with a rebound.
12:49 of 1st period - Snap shot by Mike Sauer.
12:49 of 1st period - Deflect By Adam Pineault.
12:49 of 1st period - Shot Blocked by Michael Sdao.
12:49 of 1st period - Puck is out of play.
12:50 of 1st period - Alexandre Bolduc wins face-off versus Éric Perrin in Gangsters zone.
12:50 of 1st period - Alexandre Bolduc is hit by Tim Jackman.
13:22 of 1st period - Off-side.
13:23 of 1st period - Alexandre Bolduc wins face-off versus Petteri Nokelainen in neutral zone.
13:32 of 1st period - Wrist shot by Nathan Gerbe.
13:32 of 1st period - Shot Misses the Net.
13:47 of 1st period - Snap shot by Kris Chucko.
13:47 of 1st period - Shot Misses the Net.
13:51 of 1st period - Wrist shot by Kris Chucko.
13:51 of 1st period - Goal by Kris Chucko - Gangsters : 1 - Punishers : 3.
13:52 of 1st period - Éric Perrin wins face-off versus Alexandre Bolduc in neutral zone.
13:59 of 1st period - Shaun Heska is hit by Tim Jackman and loses puck.
14:05 of 1st period - Icing by Nathan Gerbe.
14:06 of 1st period - Éric Perrin wins face-off versus Alexandre Bolduc in Gangsters zone.
14:25 of 1st period - Snap shot by Alexandre Bolduc.
14:25 of 1st period - Deflect By Gustav Nyquist.
14:25 of 1st period - Shot Misses the Net.
14:25 of 1st period - Puck is out of play.
14:26 of 1st period - Artem Anisimov wins face-off versus Petteri Nokelainen in Punishers zone.
14:27 of 1st period - Slapshot by Ryan Jones.
14:27 of 1st period - Shot Misses the Net.
14:39 of 1st period - Slapshot by Kris Chucko.
14:39 of 1st period - Shot Blocked by Ryan Jones.
14:41 of 1st period - Slapshot by Mike Sauer.
14:41 of 1st period - Shot Misses the Net.
15:00 of 1st period - Slapshot by Tim Jackman.
15:00 of 1st period - Shot Blocked by Matt Delahey.
15:54 of 1st period - Snap shot by Adam Pineault.
15:54 of 1st period - Stopped by Dustin Tokarski without a rebound.
15:55 of 1st period - Artem Anisimov wins face-off versus Frazer Mclaren in Gangsters zone.
15:55 of 1st period - Artem Anisimov is hit by Frazer Mclaren.
16:01 of 1st period - Off-side.
16:02 of 1st period - Tanner Glass wins face-off versus Alexandre Bolduc in neutral zone.
16:11 of 1st period - Snap shot by Éric Perrin.
16:11 of 1st period - Shot Misses the Net.
16:44 of 1st period - Snap shot by Nathan Gerbe.
16:44 of 1st period - Stopped by Kevin Poulin with a rebound.
16:46 of 1st period - Snap shot by Alexandre Bolduc.
16:46 of 1st period - Shot Misses the Net.
16:48 of 1st period - Snap shot by Gustav Nyquist.
16:48 of 1st period - Deflect By Alexandre Bolduc.
16:48 of 1st period - Stopped by Kevin Poulin without a rebound.
16:49 of 1st period - Artem Anisimov wins face-off versus Éric Perrin in Punishers zone.
16:52 of 1st period - Wrist shot by Artem Anisimov.
16:52 of 1st period - Stopped by Kevin Poulin with a rebound.
16:56 of 1st period - Snap shot by Dave Dziurzynski.
16:56 of 1st period - Goal by Dave Dziurzynski - Gangsters : 2 - Punishers : 3.
16:57 of 1st period - Alexandre Bolduc wins face-off versus Tanner Glass in neutral zone.
16:57 of 1st period - Gustav Nyquist is hit by Tanner Glass.
17:11 of 1st period - Snap shot by Éric Perrin.
17:11 of 1st period - Deflect By Gustav Nyquist.
17:11 of 1st period - Stopped by Dustin Tokarski without a rebound.
17:12 of 1st period - Artem Anisimov wins face-off versus Éric Perrin in Gangsters zone.
17:37 of 1st period - Ryan Jones is hit by Adam McQuaid and loses puck.
17:48 of 1st period - Snap shot by Artem Anisimov.
17:48 of 1st period - Shot Misses the Net.
17:51 of 1st period - Icing by Adam McQuaid.
17:52 of 1st period - Luke Adam wins face-off versus Alexandre Bolduc in Punishers zone.
18:07 of 1st period - Frazer Mclaren is hit by Matt Delahey and loses puck.
18:16 of 1st period - Snap shot by Luke Adam.
18:16 of 1st period - Shot Misses the Net.
18:18 of 1st period - Snap shot by Frazer Mclaren.
18:18 of 1st period - Shot Misses the Net.
18:20 of 1st period - Snap shot by Frazer Mclaren.
18:20 of 1st period - Shot Misses the Net.
19:04 of 1st period - Snap shot by Luke Adam.
19:04 of 1st period - Stopped by Dustin Tokarski without a rebound.
19:05 of 1st period - Alexandre Bolduc wins face-off versus Éric Perrin in Gangsters zone.
19:32 of 1st period - Shaun Heska is hit by Keaton Ellerby and loses puck.
Goals for this period are 2 for Gangsters vs 3 for Punishers.
Shots for this period are 16 for Gangsters vs 15 for Punishers.
2nd period
0:01 of 2nd period - Éric Perrin wins face-off versus Alexandre Bolduc in neutral zone.
0:32 of 2nd period - Slapshot by Ryan Jones.
0:32 of 2nd period - Shot Misses the Net.
0:54 of 2nd period - Wrist shot by Mikko Lehtonen.
0:54 of 2nd period - Shot Misses the Net.
0:56 of 2nd period - Slapshot by Morgan Ellis.
0:56 of 2nd period - Stopped by Kevin Poulin with a rebound.
0:58 of 2nd period - Wrist shot by Mikko Lehtonen.
0:58 of 2nd period - Gangsters goal is going for a video replay.
0:58 of 2nd period - The goal is good.
0:58 of 2nd period - Goal by Mikko Lehtonen - Gangsters : 3 - Punishers : 3.
0:59 of 2nd period - Éric Perrin wins face-off versus Alexandre Bolduc in neutral zone.
1:09 of 2nd period - Minor Penalty to Tanner Glass for Holding.
1:10 of 2nd period - Alexandre Bolduc wins face-off versus Quinton Howden in Punishers zone.
1:26 of 2nd period - Snap shot by Nathan Gerbe.
1:26 of 2nd period - Shot Misses the Net.
2:23 of 2nd period - Icing by Colten Teubert.
2:24 of 2nd period - Alexandre Bolduc wins face-off versus Philippe Paradis in Gangsters zone.
2:52 of 2nd period - Quinton Howden is hit by Alexandre Bolduc.
2:53 of 2nd period - Quinton Howden from Punishers is injured at 2:53 of 2nd period (Sprained Right Knee).
2:54 of 2nd period - Alexandre Bolduc wins face-off versus Casey Cizikas in Punishers zone.
3:01 of 2nd period - Slapshot by Gustav Nyquist.
3:01 of 2nd period - Shot Misses the Net.
3:03 of 2nd period - Wrist shot by Nathan Gerbe.
3:03 of 2nd period - Stopped by Kevin Poulin without a rebound.
3:04 of 2nd period - Casey Cizikas wins face-off versus Alexandre Bolduc in Punishers zone.
3:09 of 2nd period - Penalty to Tanner Glass is over, Tanner Glass is back on ice.
3:17 of 2nd period - Wrist shot by Gustav Nyquist.
3:17 of 2nd period - Stopped by Kevin Poulin with a rebound.
3:19 of 2nd period - Slapshot by Shaun Heska.
3:19 of 2nd period - Stopped by Kevin Poulin with a rebound.
3:21 of 2nd period - Slapshot by Shaun Heska.
3:21 of 2nd period - Shot Blocked by Justin Falk.
3:23 of 2nd period - Slapshot by Nathan Gerbe.
3:23 of 2nd period - Stopped by Kevin Poulin without a rebound.
3:24 of 2nd period - Petteri Nokelainen wins face-off versus Artem Anisimov in Punishers zone.
3:53 of 2nd period - Off-side.
3:54 of 2nd period - Alexandre Bolduc wins face-off versus Éric Perrin in neutral zone.
3:57 of 2nd period - Tanner Glass is hit by Alexandre Bolduc and loses puck.
4:08 of 2nd period - Wrist shot by Tim Jackman.
4:08 of 2nd period - Deflect By Éric Perrin.
4:08 of 2nd period - Deflect By Nathan Gerbe.
4:08 of 2nd period - Stopped by Dustin Tokarski without a rebound.
4:09 of 2nd period - Erik Condra wins face-off versus Artem Anisimov in Gangsters zone.
4:16 of 2nd period - Wrist shot by Erik Condra.
4:16 of 2nd period - Deflect By Petteri Nokelainen.
4:16 of 2nd period - Shot Misses the Net.
4:16 of 2nd period - Puck is out of play.
4:17 of 2nd period - Erik Condra wins face-off versus Ryan Jones in Gangsters zone.
4:20 of 2nd period - Slapshot by Kris Chucko.
4:20 of 2nd period - Deflect By Petteri Nokelainen.
4:20 of 2nd period - Shot Blocked by Ryan Jones.
4:20 of 2nd period - Puck is out of play.
4:21 of 2nd period - Éric Perrin wins face-off versus Gustav Nyquist in Gangsters zone.
4:24 of 2nd period - Snap shot by Tim Jackman.
4:24 of 2nd period - Shot Hit the Post.
4:36 of 2nd period - Slapshot by Gustav Nyquist.
4:36 of 2nd period - Shot Misses the Net.
4:48 of 2nd period - Ryan Jones is hit by Erik Condra and loses puck.
4:53 of 2nd period - Wrist shot by Kris Chucko.
4:53 of 2nd period - Shot Blocked by Shaun Heska.
4:55 of 2nd period - Snap shot by Erik Condra.
4:55 of 2nd period - Goal by Erik Condra - Gangsters : 3 - Punishers : 4.
4:56 of 2nd period - Éric Perrin wins face-off versus Alexandre Bolduc in neutral zone.
5:21 of 2nd period - Wrist shot by Artem Anisimov.
5:21 of 2nd period - Stopped by Kevin Poulin with a rebound.
5:27 of 2nd period - Dave Dziurzynski is hit by Justin Falk and loses puck.
6:30 of 2nd period - Snap shot by Petteri Nokelainen.
6:30 of 2nd period - Shot Blocked by Alexandre Bolduc.
6:36 of 2nd period - Minor Penalty to Matt Delahey for Interference.
6:37 of 2nd period - Éric Perrin wins face-off versus Nathan Gerbe in Gangsters zone.
6:42 of 2nd period - Wrist shot by Tanner Glass.
6:42 of 2nd period - Shot Misses the Net.
6:44 of 2nd period - Backhand shot by Justin Falk.
6:44 of 2nd period - Shot Blocked by Colten Teubert.
6:46 of 2nd period - Slapshot by Éric Perrin.
6:46 of 2nd period - Stopped by Dustin Tokarski with a rebound.
6:48 of 2nd period - Snap shot by Tanner Glass.
6:48 of 2nd period - Stopped by Dustin Tokarski without a rebound.
6:49 of 2nd period - Éric Perrin wins face-off versus Nathan Gerbe in Gangsters zone.
7:02 of 2nd period - Slapshot by Éric Perrin.
7:02 of 2nd period - Shot Misses the Net.
7:30 of 2nd period - Backhand shot by Petteri Nokelainen.
7:30 of 2nd period - Stopped by Dustin Tokarski without a rebound.
7:31 of 2nd period - Ryan Jones wins face-off versus Petteri Nokelainen in Gangsters zone.
7:40 of 2nd period - Wrist shot by Gustav Nyquist.
7:40 of 2nd period - Stopped by Kevin Poulin with a rebound.
8:21 of 2nd period - Wrist shot by Petteri Nokelainen.
8:21 of 2nd period - Stopped by Dustin Tokarski with a rebound.
8:23 of 2nd period - Wrist shot by Kris Chucko.
8:23 of 2nd period - Shot Blocked by Nathan Gerbe.
8:25 of 2nd period - Slapshot by Mike Sauer.
8:25 of 2nd period - Shot Blocked by Alexandre Bolduc.
8:27 of 2nd period - Snap shot by Erik Condra.
8:27 of 2nd period - Stopped by Dustin Tokarski with a rebound.
8:36 of 2nd period - Penalty to Matt Delahey is over, Matt Delahey is back on ice.
8:41 of 2nd period - Wrist shot by Erik Condra.
8:41 of 2nd period - Shot Blocked by Nathan Gerbe.
8:43 of 2nd period - Slapshot by Mike Weber.
8:43 of 2nd period - Shot Misses the Net.
8:47 of 2nd period - Snap shot by Petteri Nokelainen.
8:47 of 2nd period - Deflect By Kris Chucko.
8:47 of 2nd period - Shot Blocked by Matt Delahey.
8:47 of 2nd period - Puck is out of play.
8:48 of 2nd period - Éric Perrin wins face-off versus Artem Anisimov in Gangsters zone.
9:55 of 2nd period - Dave Dziurzynski is hit by Justin Falk and loses puck.
10:24 of 2nd period - Luke Adam is hit by Michael Sdao and loses puck.
10:37 of 2nd period - Wrist shot by Richard Panik.
10:37 of 2nd period - Shot Blocked by Simon Despres.
11:58 of 2nd period - Icing by Morgan Ellis.
11:59 of 2nd period - Tanner Glass wins face-off versus Artem Anisimov in Gangsters zone.
12:00 of 2nd period - Slapshot by Casey Cizikas.
12:00 of 2nd period - Stopped by Dustin Tokarski without a rebound.
12:01 of 2nd period - Artem Anisimov wins face-off versus Casey Cizikas in Gangsters zone.
12:01 of 2nd period - Artem Anisimov is hit by Casey Cizikas.
12:07 of 2nd period - Casey Cizikas is hit by Ryan Jones.
12:13 of 2nd period - Snap shot by Radek Smolenak.
12:13 of 2nd period - Shot Blocked by Shaun Heska.
12:49 of 2nd period - Snap shot by Luke Adam.
12:49 of 2nd period - Goal by Luke Adam - Gangsters : 3 - Punishers : 5.
12:49 of 2nd period - Brad Thiessen enters game.
12:50 of 2nd period - Éric Perrin wins face-off versus Alexandre Bolduc in neutral zone.
12:53 of 2nd period - Wrist shot by Keaton Ellerby.
12:53 of 2nd period - Shot Misses the Net.
13:15 of 2nd period - Justin Falk is hit by Dave Dziurzynski and loses puck.
13:22 of 2nd period - Slapshot by Artem Anisimov.
13:22 of 2nd period - Shot Blocked by Erik Condra.
13:24 of 2nd period - Snap shot by Ryan Jones.
13:24 of 2nd period - Shot Blocked by Justin Falk.
13:38 of 2nd period - Snap shot by Ben Holmstrom.
13:38 of 2nd period - Shot Misses the Net.
13:45 of 2nd period - Off-side.
13:46 of 2nd period - Éric Perrin wins face-off versus Alexandre Bolduc in neutral zone.
14:17 of 2nd period - Snap shot by Erik Condra.
14:17 of 2nd period - Shot Blocked by Mikko Lehtonen.
14:19 of 2nd period - Slapshot by Mike Weber.
14:19 of 2nd period - Deflect By Matt Delahey.
14:19 of 2nd period - Stopped by Brad Thiessen without a rebound.
14:20 of 2nd period - Petteri Nokelainen wins face-off versus Alexandre Bolduc in Gangsters zone.
14:32 of 2nd period - Icing by Simon Despres.
14:33 of 2nd period - Alexandre Bolduc wins face-off versus Petteri Nokelainen in Punishers zone.
14:40 of 2nd period - Wrist shot by Gustav Nyquist.
14:40 of 2nd period - Stopped by Kevin Poulin without a rebound.
14:41 of 2nd period - Alexandre Bolduc wins face-off versus Éric Perrin in Punishers zone.
15:03 of 2nd period - Icing by Colten Teubert.
15:04 of 2nd period - Petteri Nokelainen wins face-off versus Artem Anisimov in Gangsters zone.
15:09 of 2nd period - Slapshot by Erik Condra.
15:09 of 2nd period - Shot Blocked by Shaun Heska.
15:17 of 2nd period - Snap shot by Erik Condra.
15:17 of 2nd period - Stopped by Brad Thiessen without a rebound.
15:18 of 2nd period - Éric Perrin wins face-off versus Alexandre Bolduc in Gangsters zone.
17:27 of 2nd period - Wrist shot by Petteri Nokelainen.
17:27 of 2nd period - Shot Blocked by Michael Sdao.
18:28 of 2nd period - Wrist shot by Erik Condra.
18:28 of 2nd period - Shot Blocked by Patrik Nemeth.
18:42 of 2nd period - Mike Sauer is hit by Patrik Nemeth and loses puck.
19:09 of 2nd period - Wrist shot by Maxime Sauvé.
19:09 of 2nd period - Goal by Maxime Sauvé - Gangsters : 4 - Punishers : 5.
19:10 of 2nd period - Éric Perrin wins face-off versus Alexandre Bolduc in neutral zone.
19:13 of 2nd period - Shaun Heska is hit by Tanner Glass and loses puck.
19:20 of 2nd period - Snap shot by Tim Jackman.
19:20 of 2nd period - Shot Misses the Net.
19:22 of 2nd period - Wrist shot by Tim Jackman.
19:22 of 2nd period - Stopped by Brad Thiessen without a rebound.
19:23 of 2nd period - Éric Perrin wins face-off versus Alexandre Bolduc in Gangsters zone.
19:48 of 2nd period - Justin Falk is hit by Shaun Heska and loses puck.
Goals for this period are 2 for Gangsters vs 2 for Punishers.
Shots for this period are 10 for Gangsters vs 12 for Punishers.
3rd period
0:01 of 3rd period - Alexandre Bolduc wins face-off versus Tanner Glass in neutral zone.
0:06 of 3rd period - Keaton Ellerby is hit by Alexandre Bolduc and loses puck.
0:25 of 3rd period - Petteri Nokelainen is hit by Shaun Heska.
0:50 of 3rd period - Luke Gazdic is hit by Adam Pineault and loses puck.
1:07 of 3rd period - Slapshot by Ben Holmstrom.
1:07 of 3rd period - Stopped by Kevin Poulin without a rebound.
1:08 of 3rd period - Éric Perrin wins face-off versus Ben Holmstrom in Punishers zone.
1:16 of 3rd period - Minor Penalty to Morgan Ellis for Slashing.
1:17 of 3rd period - Nathan Gerbe wins face-off versus Éric Perrin in Gangsters zone.
1:31 of 3rd period - Snap shot by Éric Perrin.
1:31 of 3rd period - Stopped by Brad Thiessen with a rebound.
1:33 of 3rd period - Wrist shot by Tim Jackman.
1:33 of 3rd period - Shot Misses the Net.
1:51 of 3rd period - Off-side.
1:52 of 3rd period - Gustav Nyquist wins face-off versus Éric Perrin in neutral zone.
2:01 of 3rd period - Wrist shot by Gustav Nyquist.
2:01 of 3rd period - Shot Misses the Net.
2:27 of 3rd period - Slapshot by Erik Condra.
2:27 of 3rd period - Stopped by Brad Thiessen with a rebound.
2:39 of 3rd period - Wrist shot by Gustav Nyquist.
2:39 of 3rd period - Stopped by Kevin Poulin with a rebound.
3:16 of 3rd period - Penalty to Morgan Ellis is over, Morgan Ellis is back on ice.
3:19 of 3rd period - Michael Sdao is hit by Adam Pineault and loses puck.
4:16 of 3rd period - Icing by Matt Delahey.
4:17 of 3rd period - Maxime Sauvé wins face-off versus Petteri Nokelainen in Gangsters zone.
4:43 of 3rd period - Minor Penalty to Petteri Nokelainen for Hooking.
4:44 of 3rd period - Tanner Glass wins face-off versus Alexandre Bolduc in Punishers zone.
4:56 of 3rd period - Snap shot by Nathan Gerbe.
4:56 of 3rd period - Shot Misses the Net.
4:58 of 3rd period - Snap shot by Shaun Heska.
4:58 of 3rd period - Stopped by Kevin Poulin with a rebound.
5:00 of 3rd period - Slapshot by Nathan Gerbe.
5:00 of 3rd period - Goal by Nathan Gerbe - Gangsters : 5 - Punishers : 5.
5:01 of 3rd period - Éric Perrin wins face-off versus Alexandre Bolduc in neutral zone.
6:42 of 3rd period - Erik Condra is hit by Nathan Gerbe and loses puck.
7:01 of 3rd period - Snap shot by Adam Pineault.
7:01 of 3rd period - Shot Misses the Net.
7:03 of 3rd period - Slapshot by Luke Adam.
7:03 of 3rd period - Shot Blocked by Ryan Jones.
7:05 of 3rd period - Snap shot by Frazer Mclaren.
7:05 of 3rd period - Stopped by Brad Thiessen with a rebound.
8:04 of 3rd period - Slapshot by Michael Sdao.
8:04 of 3rd period - Shot Misses the Net.
9:00 of 3rd period - Gustav Nyquist is hit by Kris Chucko and loses puck.
9:43 of 3rd period - Slapshot by Colten Teubert.
9:43 of 3rd period - Deflect By Mike Weber.
9:43 of 3rd period - Stopped by Kevin Poulin without a rebound.
9:44 of 3rd period - Richard Panik wins face-off versus Tanner Glass in Punishers zone.
10:08 of 3rd period - Curtis McKenzie is hit by Simon Despres and loses puck.
10:15 of 3rd period - Snap shot by Frazer Mclaren.
10:15 of 3rd period - Stopped by Brad Thiessen with a rebound.
10:27 of 3rd period - Backhand shot by Ben Holmstrom.
10:27 of 3rd period - Stopped by Kevin Poulin with a rebound.
10:29 of 3rd period - Snap shot by Richard Panik.
10:29 of 3rd period - Shot Misses the Net.
10:31 of 3rd period - Snap shot by Ben Holmstrom.
10:31 of 3rd period - Shot Misses the Net.
10:33 of 3rd period - Snap shot by Richard Panik.
10:33 of 3rd period - Shot Blocked by Alex Petrovic.
10:35 of 3rd period - Slapshot by Shaun Heska.
10:35 of 3rd period - Stopped by Kevin Poulin without a rebound.
10:36 of 3rd period - Alexandre Bolduc wins face-off versus Éric Perrin in Punishers zone.
10:39 of 3rd period - Snap shot by Gustav Nyquist.
10:39 of 3rd period - Stopped by Kevin Poulin without a rebound.
10:40 of 3rd period - Éric Perrin wins face-off versus Alexandre Bolduc in Punishers zone.
11:10 of 3rd period - Snap shot by Artem Anisimov.
11:10 of 3rd period - Stopped by Kevin Poulin without a rebound.
11:11 of 3rd period - Erik Condra wins face-off versus Artem Anisimov in Punishers zone.
11:36 of 3rd period - Alexandre Bolduc is hit by Mike Sauer and loses puck.
11:43 of 3rd period - Slapshot by Shaun Heska.
11:43 of 3rd period - Stopped by Kevin Poulin with a rebound.
11:47 of 3rd period - Snap shot by Nathan Gerbe.
11:47 of 3rd period - Goal by Nathan Gerbe - Gangsters : 6 - Punishers : 5.
11:48 of 3rd period - Alexandre Bolduc wins face-off versus Éric Perrin in neutral zone.
12:13 of 3rd period - Erik Condra is hit by Dave Dziurzynski and loses puck.
12:20 of 3rd period - Snap shot by Artem Anisimov.
12:20 of 3rd period - Stopped by Kevin Poulin without a rebound.
12:21 of 3rd period - Éric Perrin wins face-off versus Artem Anisimov in Punishers zone.
12:46 of 3rd period - Alexandre Bolduc is hit by Kris Chucko and loses puck.
13:07 of 3rd period - Wrist shot by Mikko Lehtonen.
13:07 of 3rd period - Shot Blocked by Justin Falk.
13:09 of 3rd period - Wrist shot by Luke Gazdic.
13:09 of 3rd period - Shot Misses the Net.
13:52 of 3rd period - Off-side.
13:53 of 3rd period - Éric Perrin wins face-off versus Alexandre Bolduc in neutral zone.
13:56 of 3rd period - Gustav Nyquist is hit by Mike Sauer and loses puck.
14:22 of 3rd period - Slapshot by Kris Chucko.
14:22 of 3rd period - Stopped by Brad Thiessen with a rebound.
14:28 of 3rd period - Mike Sauer is hit by Artem Anisimov and loses puck.
14:50 of 3rd period - Wrist shot by Richard Panik.
14:50 of 3rd period - Shot Misses the Net.
14:58 of 3rd period - Snap shot by Petteri Nokelainen.
14:58 of 3rd period - Shot Misses the Net.
15:00 of 3rd period - Slapshot by Kris Chucko.
15:00 of 3rd period - Goal by Kris Chucko - Gangsters : 6 - Punishers : 6.
15:01 of 3rd period - Alexandre Bolduc wins face-off versus Éric Perrin in neutral zone.
15:31 of 3rd period - Off-side.
15:32 of 3rd period - Petteri Nokelainen wins face-off versus Maxime Sauvé in neutral zone.
15:58 of 3rd period - Minor Penalty to Simon Despres for Holding.
15:59 of 3rd period - Alexandre Bolduc wins face-off versus Tanner Glass in Punishers zone.
16:03 of 3rd period - Wrist shot by Gustav Nyquist.
16:03 of 3rd period - Stopped by Kevin Poulin without a rebound.
16:04 of 3rd period - Alexandre Bolduc wins face-off versus Tanner Glass in Punishers zone.
17:05 of 3rd period - Snap shot by Casey Cizikas.
17:05 of 3rd period - Stopped by Brad Thiessen with a rebound.
17:54 of 3rd period - Colten Teubert is hit by Mike Weber.
17:58 of 3rd period - Penalty to Simon Despres is over, Simon Despres is back on ice.
18:10 of 3rd period - Mikko Lehtonen is hit by Adam Pineault and loses puck.
18:49 of 3rd period - Patrik Nemeth is hit by Tim Jackman and loses puck.
19:18 of 3rd period - Nathan Gerbe is hit by Justin Falk and loses puck.
19:37 of 3rd period - Slapshot by Richard Panik.
19:37 of 3rd period - Shot Misses the Net.
19:39 of 3rd period - Slapshot by Morgan Ellis.
19:39 of 3rd period - Deflect By Richard Panik.
19:39 of 3rd period - Goal by Richard Panik - Gangsters : 7 - Punishers : 6.
19:40 of 3rd period - Éric Perrin wins face-off versus Alexandre Bolduc in neutral zone.
19:45 of 3rd period - Punishers, Kevin Poulin is pulled from the net.
19:45 of 3rd period - Wrist shot by Keaton Ellerby.
19:45 of 3rd period - Shot Misses the Net.
19:59 of 3rd period - Snap shot by Gustav Nyquist.
19:59 of 3rd period - Shot Blocked by Éric Perrin.
Goals for this period are 3 for Gangsters vs 1 for Punishers.
Shots for this period are 14 for Gangsters vs 7 for Punishers.
Back to the Top